cohdb
Replays
Latest Replays
All Replays
Popular Replays
Top Player Replays
Match Explorer
How It Works
Community
CoH3 Stats
Reddit
Sign in to upload your games and track your stats! →
Sign in with Steam
Match 20566047
Unlisted
Match 20566047
Overview
Messages
Build Orders
End
Engineer Squad
Construct Barracks
Selects Armored Battlegroup
Selects Veteran Crews
1⁄4-ton 4x4 Truck
Riflemen Squad
Riflemen Squad
Grenade Package
Mechanized Support Center
Construct Weapon Support Center
M3 75 mm Gun Motor Carriage
Construct Medical Station
M1919 Machine Gun Team
M1918 Browning Automatic Rifles
Bazooka Squad
Selects Strength in Steel
Selects M8 Scott SPG
Bazooka Squad
Bazooka Squad
Construct Motor Pool
Selects Field Repairs
Selects UNKNOWN (2160077)
M1919 Machine Gun Team
M1 Anti-tank Gun Team
M1 Anti-tank Gun Team
Construct Tank Depot
Riflemen Squad
Selects War Machine
M4A3E8 Sherman Easy Eight
Bazooka Squad
M18 Hellcat Tank Destroyer
Field Repairs
M1919 Machine Gun Team
Engineer Squad
Scout Squad
M4A3E8 Sherman Easy Eight
Bazooka Squad
Scout Squad
Field Repairs
Scout Squad
M1919 Machine Gun Team
M18 Hellcat Tank Destroyer
M1919 Machine Gun Team
Construct Barracks
Engineer Squad
Riflemen Squad
Construct Weapon Support Center
Riflemen Squad
Construct Tank Depot
Construct Tank Depot
Scout Squad
M18 Hellcat Tank Destroyer
Dolo
DirtyDan
MK-84
Ecce Mono
Krispy Bacon
Falk Strife
Barbarossa
The Assassin
0
0
Comments
sign in to comment!
No comments posted yet!